 Dungeon Crawl Stone Soup version 0.30-a0-172-gc5509c9e31 (webtiles) character file.

Game seed: 2442303843680259321

58132 lorenzova the Eclecticist (level 14, -5/68 HPs)
             Began as a Deep Elf Conjurer on Oct 1, 2022.
             Was an Elder of Vehumet.
             Hit by a large rock thrown by a cyclops (36 damage)
             ... on level 12 of the Dungeon.
             The game lasted 01:07:05 (24743 turns).

lorenzova the Eclecticist (Deep Elf Conjurer)      Turns: 24743, Time: 01:07:06

Health: -5/68      AC:  9    Str:  4    XL:     14   Next: 48%
Magic:  41/47      EV: 10    Int: 29    God:    Vehumet [****..]
Gold:   2053       SH:  5    Dex: 18    Spells: 18/50 levels left

rFire   + + .      SeeInvis .    R - staff of fire
rCold   . . .      Faith    .    (no shield)
rNeg    . . .      Spirit   .    E - +3 ring mail {rF+}
rPois   +          Reflect  +    (helmet restricted)
rElec   .          Harm     .    (no cloak)
rCorr   .          Rampage  +    (no gloves)
Will    +....                    y - +0 pair of boots {rampage}
Stlth   ++........               g - amulet of reflection
HPRegen 0.31/turn                T - ring of poison resistance
MPRegen 0.30/turn                d - ring "Jome" {MP+9 Dex+5}

@: no status effects
A: antennae 1, sense surroundings 1
a: Renounce Religion


You were on level 12 of the Dungeon.
You worshipped Vehumet.
Vehumet was greatly pleased with you.
You visited 3 branches of the dungeon, and saw 18 of its levels.
You also visited: Ossuary, Ice Cave and Volcano.

You collected 2845 gold pieces.
You spent 792 gold pieces at shops.

Inventory:

Hand Weapons
 H - a +4 quarterstaff of chaos
Armour
 i - a +2 leather armour of fire resistance
 y - a +0 pair of boots of rampaging (worn)
 E - a +3 ring mail of fire resistance (worn)
Magical Staves
 c - a staff of cold
 R - a staff of fire (weapon)
Jewellery
 d - the ring "Jome" (right hand) {MP+9 Dex+5}
   (You bought it in a shop on level 6 of the Dungeon)

   [ring of magical power]

   Dex:       It affects your dexterity (+5).
   MP:        It affects your magic capacity (+9).
 g - an amulet of reflection (around neck)
 j - a ring of positive energy
 k - an amulet of magic regeneration
 x - a +6 ring of intelligence
 z - a ring of resist corrosion
 J - a ring of willpower
 N - a ring of ice
 T - a ring of poison resistance (left hand)
Scrolls
 e - 4 scrolls of blinking
 f - 3 scrolls of brand weapon
 h - a scroll of torment
 l - 10 scrolls of teleportation
 p - 3 scrolls of identify
 t - 4 scrolls of vulnerability
 B - 6 scrolls of enchant weapon
 C - 4 scrolls of fog
 F - a scroll of enchant armour
 K - a scroll of amnesia
 L - 2 scrolls of fear
 M - a scroll of immolation
Potions
 a - 8 potions of attraction
 b - 3 potions of magic
 m - 2 potions of resistance
 n - 3 potions of brilliance
 o - a potion of berserk rage
 q - 6 potions of might
 r - 9 potions of lignification
 s - 4 potions of curing
 v - 5 potions of invisibility
 A - a potion of experience
 D - 2 potions of mutation
 G - 5 potions of flight
 S - a potion of heal wounds
 U - 2 potions of haste
 V - a potion of ambrosia {unknown}
 W - a potion of cancellation {unknown}


   Skills:
 + Level 4.9 Dodging
 - Level 2.4 Stealth
 * Level 18.9 Spellcasting
 * Level 16.5 Conjurations
 - Level 6.0 Hexes
 - Level 6.0 Translocations
 * Level 14.3 Fire Magic


You had 18 spell levels left.
You knew the following spells:

 Your Spells              Type           Power      Damage    Failure   Level
a - Magic Dart            Conj           100%       1d8       0%          1
b - Searing Ray           Conj           100%       2d8       0%          2
c - Iskenderun's Mystic   Conj/Tloc      75%        2d15      1%          4
d - Fulminant Prism       Conj/Hex       37%        3d18      1%          4
f - Fireball              Conj/Fire      54%        3d21      1%          5
o - Orb of Destruction    Conj           44%        9d12      2%          7
s - Sticky Flame          Conj/Fire      100%       2d11      1%          4
z - Iskenderun's Battles  Conj           89%        2d14      1%          5

Your spell library contained the following spells:

 Spells                   Type           Power      Damage    Failure   Level
 Starburst                Conj/Fire      54%        6d15      1%          6
 Foxfire                  Conj/Fire      100%       2x1d9     0%          1
 Apportation              Tloc           100%       N/A       1%          1
 Dazzling Flash           Conj/Hex       100%       N/A       1%          3
 Inner Flame              Hex/Fire       92%        N/A       1%          3
 Flame Wave               Conj/Fire      100%       2d21      1%          4
 Gell's Gravitas          Tloc           58%        N/A       2%          3
 Lesser Beckoning         Tloc           58%        N/A       2%          3
 Teleport Other           Tloc           58%        N/A       2%          3
 Ensorcelled Hibernation  Hex/Ice        88%        N/A       4%          2
 Summon Guardian Golem    Hex/Summ       44%        N/A       9%          3
 Necrotise                Necr           100%       1d9       10%         1
 Summon Small Mammal      Summ           100%       N/A       10%         1
 Conjure Ball Lightning   Conj/Air       33%        3x3d11    13%         6
 Anguish                  Hex/Necr       22%        N/A       26%         4
 Call Canine Familiar     Summ           27%        N/A       28%         3
 Spider Form              Tmut/Pois      27%        N/A       28%         3
 Animate Dead             Necr           27%        N/A       67%         4
 Borgnjor's Vile Clutch   Necr/Erth      13%        N/A       95%         5
 Death Channel            Necr           13%        N/A       100%        6
 Discord                  Hex            29%        N/A       100%        8
 Disjunction              Tloc           29%        N/A       100%        8


Dungeon Overview and Level Annotations

Branches:
Dungeon (12/15)            Temple (1/1) D:6            Lair (5/5) D:11
 Shoals (0/4) Lair:2       Spider (0/4) Lair:3        Slime (0/5) Lair:5
    Orc (0/2) D:12        Ossuary (visited)           IceCv (visited)
Volcano (visited)

Altars:
Ashenzari
Cheibriados
Dithmenos
Elyvilon
Fedhas
Gozag
Hepliaklqana
Kikubaaqudgha
Nemelex Xobeh
Okawaru
Ru
Sif Muna
Trog
Uskayaw
Vehumet
Wu Jian
Xom
Yredelemnul
Zin
The Shining One

Shops:
D:4 [   D:6 !*[=   D:12 (

Annotations:
Lair:4 exclusion: downstairs


Innate Abilities, Weirdness & Mutations

You have a pair of small antennae on your head.
You passively map a small area around you.


Message History

Your battlesphere fires!
The barrage of energy hits the orc wizard!
You kill the orc wizard!
Vehumet accepts your kill.
You feel your power returning.
You start resting.
Magic restored.
You swap places.
Things that are here:
a +0 dagger; an orc corpse
Things that are here:
a +1 whip of electrocution; an orc corpse You see here a +0 club.
Your battlesphere wavers and loses cohesion.
Found 3 stones.
You see here 3 stones.
You now have 2053 gold pieces (gained 16).
You see here 3 stones.
A cyclops comes into view.
The cyclops shouts!
A cyclops is nearby!
A cyclops is nearby!
Casting: Magic Dart (safe; 0% risk of failure)
Confirm with . or Enter, or press ? or * to list all spells.
You conjure a globe of magical energy.
The cyclops throws a large rock.
The large rock hits you!!!
Ouch! That really hurt!
Casting: Iskenderun's Battlesphere (safe; 1% risk of failure)
Confirm with . or Enter, or press ? or * to list all spells.
Aiming: Magic Dart (safe; 0% risk of failure)
Press: ? - help, Shift-Dir - straight line, f - cyclops
Aim: a cyclops, quivering large rocks (100% to hit)
The magic dart hits the cyclops.
The cyclops is lightly wounded.
Your battlesphere fires!
The barrage of energy hits the cyclops!
The cyclops is moderately wounded.
The cyclops throws a large rock.
The large rock hits you!!!
Ouch! That really hurt!
You die...

* * C..... , ,
..... * **#...## ,
####### #....##
#.....# ##..*..###
......# #........#
#.....# #.........
.....## ##.@# * ,
....## #..## *
.#### #..# ##
##..# , #
########...# #
##..........## * #
#............###
*..* ## #
##..#####.......##
#.#* #. # ##..##
##....##...# *#.##
##.


You could see a cyclops (ally target) and a friendly battlesphere.

Vanquished Creatures
  Rupert (Lair:5)
  Kirke (Lair:5)
  Nessos (Lair:3)
  The ghost of Leh Pisuorgh the Nimble, a journeyman TeAE of Vehumet (Lair:5)
  Josephine (Lair:5)
  A fire dragon (Lair:5)
  The ghost of Hifruza the Eclecticist, a journeyman DEIE of Vehumet (Lair:3)
  2 hydras
  3 boulder beetles
  3 two-headed ogres
  A death yak (Lair:4)
  A hell hog (Volcano)
  A fire crab (Lair:4)
  A lindwurm (Lair:5)
  Pikel (D:5)
  An ugly thing (IceCv)
  3 salamanders (Volcano)
  A merfolk siren (Lair:2)
  3 cyclopes
  A centaur zombie (D:10)
  18 elephants
  8 black mambas
  2 ice statues (IceCv)
  3 molten gargoyles (Lair:5)
  2 rime drakes (Lair:4)
  13 cane toads
  2 kobold demonologists (D:9)
  Maggie (D:9)
  A freezing wraith (IceCv)
  14 komodo dragons
  3 trolls
  2 polar bears
  Grinder (D:5)
  Prince Ribbit (D:5)
  5 blink frogs (Lair:3)
  Sigmund (D:3)
  A culicivora (Lair:3)
  6 wyverns
  6 wraiths
  58 yaks
  3 hogs (Lair:5)
  Eustachio (D:4)
  3 fire bats (Volcano)
  5 steam dragons
  7 basilisks
  The ghost of p0werm0de the Insei, an amateur OpRe of Ru (D:3)
  An acid dragon (D:7)
  21 water moccasins
  3 hell hounds (Lair:5)
  2 orc warriors
  A sky beast (D:8)
  3 black bears
  2 ogres
  4 wolves (Lair:3)
  4 centaurs
  2 phantoms
  A kobold brigand (D:9)
  Blork the orc (D:4)
  2 gnoll sergeants
  2 cane toad simulacra (IceCv)
  A scorpion (D:7)
  8 bullfrogs
  10 wights (D:9)
  10 howler monkeys
  5 lava snakes (Lair:5)
  3 jellies
  8 orc priests
  3 hounds
  Crazy Yiuf (D:5)
  A gnoll bouda (D:7)
  2 iguanas
  Natasha (thrice) (D:2)
  Terence (D:2)
  9 orc wizards
  A polar bear simulacrum (IceCv)
  12 mummies (Ossuary)
  A howler monkey zombie (D:10)
  Robin (D:2)
  18 gnolls
  4 adders
  A shadow imp (D:5)
  4 worms
  2 dart slugs
  28 orcs
  6 endoplasms
  5 giant cockroaches
  11 goblins
  9 hobgoblins
  9 quokkas
  7 ball pythons
  8 bats
  A gnoll skeleton (Ossuary)
  2 goblin skeletons (Ossuary)
  9 kobolds
  A kobold skeleton (Ossuary)
  4 orc skeletons (Ossuary)
  2 rats (D:2)
  11 rat skeletons (Ossuary)
468 creatures vanquished.

Vanquished Creatures (others)
  32 fulminant prisms
  29 fungi
  74 plants
  2 withered plants (D:3)
137 creatures vanquished.

Grand Total: 605 creatures vanquished

Notes
Turn   | Place    | Note
-------+----------+-------------------------------------------
     0 | D:1      | lorenzova the Deep Elf Conjurer began the quest for the
                  | Orb.
     0 | D:1      | Reached XP level 1. HP: 10/10 MP: 6/6
   282 | D:1      | Reached XP level 2. HP: 15/15 MP: 6/8
   285 | D:1      | Learned a level 2 spell: Searing Ray
   583 | D:2      | You fall into a shaft and drop 1 floor!
   821 | D:3      | Reached skill level 4 in Spellcasting
   853 | D:3      | Found a white marble altar of Elyvilon.
   861 | D:3      | Noticed Sigmund
   882 | D:3      | Reached XP level 3. HP: 19/19 MP: 6/10
   922 | D:4      | Noticed a black bear
   926 | D:4      | Killed a black bear
   927 | D:4      | Reached skill level 5 in Spellcasting
   927 | D:4      | Reached skill level 5 in Conjurations
   927 | D:4      | Reached XP level 4. HP: 24/24 MP: 5/13
   971 | D:4      | Reached XP level 5. HP: 28/28 MP: 6/15
  1161 | D:4      | Found a hide-covered altar of Uskayaw.
  1177 | D:4      | Found Ciosamur's Armour Emporium.
  1225 | D:4      | Found a sand-covered staircase.
  1230 | Ossuary  | Entered an ossuary
  1438 | Ossuary  | Reached skill level 6 in Spellcasting
  1767 | Ossuary  | Reached XP level 6. HP: 6/32 MP: 7/17
  2226 | Ossuary  | Gained mutation: You are strong-willed. (Will+) [potion of
                  | mutation]
  2226 | Ossuary  | Gained mutation: You have a pair of small horns on your
                  | head. [potion of mutation]
  2227 | Ossuary  | Lost mutation: You are strong-willed. (Will+) [potion of
                  | mutation]
  2227 | Ossuary  | Lost mutation: You have a pair of small horns on your head.
                  | [potion of mutation]
  2227 | Ossuary  | Gained mutation: You have a pair of small antennae on your
                  | head. [potion of mutation]
  2227 | Ossuary  | Gained mutation: You are agile. (Dex +4, Str/Int -1)
                  | [potion of mutation]
  2227 | Ossuary  | Gained mutation: You are dopey. (Int -2) [potion of
                  | mutation]
  2228 | Ossuary  | Lost mutation: You are agile. (Dex +4, Str/Int -1) [potion
                  | of mutation]
  2228 | Ossuary  | Lost mutation: You are dopey. (Int -2) [potion of mutation]
  2228 | Ossuary  | Gained mutation: You passively map a small area around you.
                  | [potion of mutation]
  2381 | D:4      | Noticed Eustachio
  2427 | D:4      | Killed Eustachio
  2428 | D:4      | Reached skill level 7 in Spellcasting
  2682 | D:4      | Noticed Blork the orc
  2692 | D:4      | Killed Blork the orc
  2693 | D:4      | Reached XP level 7. HP: 10/36 MP: 6/20
  3127 | D:2      | Noticed Robin
  3129 | D:2      | Killed Robin
  3345 | D:2      | Noticed Terence
  3358 | D:2      | Killed Terence
  3725 | D:2      | Found a faded altar of an unknown god.
  3985 | D:2      | Reached skill level 8 in Spellcasting
  4082 | D:2      | Noticed Natasha
  4088 | D:2      | Killed Natasha
  4236 | D:2      | Noticed Natasha
  4297 | D:2      | Killed Natasha
  4504 | D:2      | Noticed Natasha
  4510 | D:2      | Killed Natasha
  4989 | D:3      | Found a runed translucent door.
  4989 | D:3      | Noticed p0werm0de's ghost (amateur OpRe)
  5072 | D:3      | Killed Sigmund
  5689 | D:4      | Found a shadowy altar of Dithmenos.
  5936 | D:5      | Entered Level 5 of the Dungeon
  5955 | D:5      | Noticed Prince Ribbit
  5963 | D:5      | Killed Prince Ribbit
  5964 | D:5      | Reached skill level 9 in Spellcasting
  5964 | D:5      | Reached XP level 8. HP: 33/41 MP: 15/23
  6009 | D:5      | Learned a level 4 spell: Iskenderun's Mystic Blast
  6014 | D:5      | Learned a level 4 spell: Fulminant Prism
  6098 | D:5      | Learned a level 4 spell: Sticky Flame
  6254 | D:5      | Reached skill level 1 in Hexes
  6254 | D:5      | Reached skill level 1 in Fire Magic
  6317 | D:5      | Noticed Grinder
  6327 | D:5      | Killed Grinder
  6328 | D:5      | Reached skill level 1 in Translocations
  6532 | D:5      | Reached skill level 10 in Spellcasting
  6918 | D:5      | Noticed Pikel
  6930 | D:5      | Killed Pikel
  6931 | D:5      | Reached XP level 9. HP: 45/45 MP: 15/25
  6994 | D:5      | Found a sacrificial altar of Ru.
  7208 | D:5      | Found a runed translucent door.
  7209 | D:5      | Noticed Crazy Yiuf
  7353 | D:5      | Killed Crazy Yiuf
  7453 | D:6      | Found Ydor's Armour Shoppe.
  7535 | D:6      | Found Ubeasu Meec's General Store.
  7543 | D:6      | Bought a scroll of blinking for 105 gold pieces
  7543 | D:6      | Found an ornate altar of the Wu Jian Council.
  7563 | D:6      | Found Tuizeng's Armour Emporium.
  7594 | D:6      | Found Vowkavuq's Distillery.
  7768 | D:6      | Found Viruice's Jewellery Shoppe.
  7831 | D:6      | Found a staircase to the Ecumenical Temple.
  7875 | Temple   | Entered the Ecumenical Temple
  7914 | Temple   | Became a worshipper of Vehumet
  7972 | D:6      | Found a sparkling altar of Nemelex Xobeh.
  8618 | D:6      | Bought a potion of curing for 36 gold pieces
  8618 | D:6      | Identified 3 scrolls of acquirement
  8623 | D:6      | Acquired a book of the Spheres
  8627 | D:6      | Acquired 619 gold pieces
  8632 | D:6      | Acquired 1052 gold pieces
  8640 | D:6      | Bought 2 potions of magic for 192 gold pieces
  8640 | D:6      | Bought a potion of might for 48 gold pieces
  8640 | D:6      | Bought a potion of flight for 36 gold pieces
  8693 | D:6      | Bought the ring "Jome" {MP+9 Dex+5} for 375 gold pieces
  8701 | D:6      | Learned a level 5 spell: Iskenderun's Battlesphere
  8707 | D:6      | Learned a level 5 spell: Fireball
  8870 | D:7      | Reached skill level 11 in Spellcasting
  8870 | D:7      | Reached skill level 10 in Conjurations
  9207 | D:7      | Reached skill level 5 in Fire Magic
  9608 | D:7      | Found a shimmering blue altar of Sif Muna.
 10169 | D:8      | Reached * piety under Vehumet
 10169 | D:8      | Offered knowledge of Sandblast by Vehumet.
 10278 | D:8      | Reached XP level 10. HP: 47/50 MP: 25/27
 10716 | D:8      | Found a hazy altar of Hepliaklqana.
 10823 | D:8      | Found a broken altar of Ashenzari.
 11173 | D:9      | Reached skill level 5 in Hexes
 11177 | D:9      | Reached skill level 12 in Spellcasting
 11944 | D:9      | Found an opulent altar of Gozag.
 12141 | D:9      | Noticed Maggie
 12147 | D:9      | Killed Maggie
 12147 | D:9      | Reached ** piety under Vehumet
 12350 | D:9      | Offered knowledge of Scorch by Vehumet.
 12455 | D:10     | Entered Level 10 of the Dungeon
 12482 | D:10     | Found a transporter.
 12517 | D:10     | Found a transporter.
 12517 | D:10     | Noticed a boulder beetle
 12582 | D:10     | Found a blossoming altar of Fedhas.
 12607 | D:10     | Reached skill level 5 in Translocations
 12752 | D:10     | Noticed a boulder beetle
 12826 | D:10     | Reached skill level 13 in Spellcasting
 12860 | D:10     | Learned a level 7 spell: Orb of Destruction
 13097 | D:10     | Killed a boulder beetle
 13098 | D:10     | Reached XP level 11. HP: 54/54 MP: 25/30
 13229 | D:10     | Found a basalt altar of Yredelemnul.
 13928 | D:11     | Found a staircase to the Lair.
 13940 | D:11     | Offered knowledge of Ignite Poison by Vehumet.
 14039 | D:11     | Noticed a two-headed ogre
 14041 | D:11     | Killed a two-headed ogre
 14454 | Lair:1   | Entered Level 1 of the Lair of Beasts
 14512 | Lair:1   | Reached skill level 14 in Spellcasting
 14748 | Lair:1   | Reached *** piety under Vehumet
 15413 | Lair:2   | Found a frozen archway.
 15418 | IceCv    | Entered an ice cave
 15427 | IceCv    | Reached XP level 12. HP: 59/59 MP: 16/32
 15517 | IceCv    | Found a transporter.
 15532 | IceCv    | Found a transporter.
 15553 | IceCv    | Reached skill level 10 in Fire Magic
 15732 | IceCv    | Reached skill level 15 in Spellcasting
 15808 | Lair:2   | Noticed an eight-headed hydra
 15812 | Lair:2   | Killed an eight-headed hydra
 15941 | Lair:2   | You fall into a shaft and drop 1 floor!
 15991 | Lair:3   | Noticed Nessos
 16000 | Lair:3   | Killed Nessos
 16058 | Lair:3   | Offered knowledge of Mephitic Cloud by Vehumet.
 16117 | Lair:3   | Found a dark tunnel.
 16150 | Volcano  | Entered a volcano
 16165 | Volcano  | Noticed a two-headed ogre
 16165 | Volcano  | Noticed a hell hog
 16172 | Volcano  | Killed a hell hog
 16173 | Volcano  | Killed a two-headed ogre
 16462 | Volcano  | Noticed a two-headed ogre
 16468 | Volcano  | Killed a two-headed ogre
 16469 | Volcano  | Reached skill level 16 in Spellcasting
 17008 | Lair:3   | Found a hole to the Spider Nest.
 17278 | Lair:2   | Found a staircase to the Shoals.
 17386 | Lair:2   | Reached XP level 13. HP: 63/63 MP: 3/35
 17584 | Lair:2   | Reached **** piety under Vehumet
 18723 | Lair:3   | Found a runed translucent gate.
 18724 | Lair:3   | Found a runed translucent gate.
 18896 | Lair:3   | Found a runed translucent gate.
 18896 | Lair:3   | Noticed Hifruza's ghost (journeyman DEIE)
 19093 | Lair:3   | Killed Hifruza's ghost
 19094 | Lair:3   | Reached skill level 17 in Spellcasting
 19663 | D:3      | Killed p0werm0de's ghost
 20104 | Lair:4   | Offered knowledge of Freezing Cloud by Vehumet.
 20107 | Lair:4   | Reached skill level 15 in Conjurations
 21776 | Lair:5   | Entered Level 5 of the Lair of Beasts
 21776 | Lair:5   | Noticed Rupert
 21802 | Lair:5   | Reached skill level 18 in Spellcasting
 21997 | Lair:5   | Noticed Kirke
 22008 | Lair:5   | Killed Kirke
 22122 | Lair:5   | Reached XP level 14. HP: 68/68 MP: 37/38
 22320 | Lair:5   | Killed Rupert
 22516 | Lair:5   | Found a runed translucent door.
 22518 | Lair:5   | Reached ***** piety under Vehumet
 22518 | Lair:5   | Offered knowledge of Starburst by Vehumet.
 22522 | Lair:5   | Noticed Leh Pisuorgh's ghost (journeyman TeAE)
 22529 | Lair:5   | Killed Leh Pisuorgh's ghost
 22605 | Lair:5   | Found a staircase to the Slime Pits.
 23085 | Lair:5   | Noticed Josephine
 23093 | Lair:5   | Killed Josephine
 23264 | Lair:5   | Found a large runed translucent door.
 23363 | Lair:5   | Found a large runed translucent door.
 24210 | D:12     | Found Umagooll's Antique Weapon Shoppe.
 24262 | D:12     | Found a staircase to the Orcish Mines.
 24743 | D:12     | Hit by a large rock thrown by a cyclops

Illustrated notes

Levels and vault maps discovered:
D:1:      ebering_hopf_link, layout_rooms
D:2:      wad_woods_settlement, layout_basic,
          shapermc_ecumenical_altar_flowoftime, uniq_robin, uniq_natasha,
          uniq_terence
D:3:      layout_basic, elyvilon_altar_1, gammafunk_ghost_grave,
          serial_corexii_hall, corexii_hall_statues_x, corexii_hall_statues_x,
          uniq_sigmund
D:4:      layout_basic, lemuel_coloured_pillars_altar,
          mainiacjoe_overflow_concentric_impassable, serial_shops, shop,
          enter_ossuary_2, uniq_eustachio, uniq_blork_the_orc
D:5:      layout_loops_ring, lemuel_tele_altar, uniq_prince_ribbit1,
          uniq_crazy_yiuf_cottage, uniq_grinder, uniq_pikel
D:6:      layout_cave_pods, mainiacjoe_overflow_tiny_flanked,
          mainiacjoe_overflow_alcove_2, minmay_temple_entry_wispy, serial_shops,
          nicolae_inconvenience_store, nicolae_shop_advertising_works
          [nicolae_subvault_shop_adworks], shop, nicolae_diamond_shop,
          nicolae_shop_statue_plus
D:7:      layout_loops_cross, led_sif_pool
D:8:      layout_rooms, ashenzari_altar_1, mainiacjoe_overflow_paths
D:9:      layout_basic, overflow_temple_1_default, uniq_maggie
D:10:     gammafunk_boulding_lane, layout_irregular_city, fedhas_ov_isle_minmay,
          lemuel_zombie_altar_yredelemnul
D:11:     layout_loops_ring, lair_entry_dummy
D:12:     layout_layer_cave, orc_0_dummy, serial_shops, shop, shop_fountains,
          shop_fountains
Temple:   eino_wide_crystal_templ
Lair:1:   layout_long_grid
Lair:2:   layout_regular_city, minmay_shoals_entry_lonely_mermaid,
          portal_ice_cave_entry_pillars_2
Lair:3:   layout_loops_ring, spider_nest_entry_rubble,
          ebering_ghost_rock_garden, nicolae_volcano_entry_lava_flow,
          chequers_serial_rivers_large_a, st_stairs_7, uniq_nessos
Lair:4:   layout_gridlike, chequers_serial_rivers_micro_c, nzn_random_ring,
          grunt_megastairs_3
Lair:5:   cheibrodos_lair_end_hotspot, layout_long_grid,
          nicolae_slime_entry_slimehenge, ebering_ghost_reflecting_pool,
          uniq_rupert, uniq_josephine, uniq_kirke

Skill      XL: |  1  2  3  4  5  6  7  8  9 10 11 12 13 14 |
---------------+-------------------------------------------+-----
Spellcasting   | 4 5 6 7 9 10 11 13 14 16 18 | 18.9
Conjurations   | 5 6 7 8 9 10 11 13 14 15 16 | 16.5
Hexes          | 3 4 6 |  6.0
Fire Magic     | 3 5 7 9 11 13 14 | 14.3
Translocations | 2 3 5 6 |  6.0
Dodging        | 3 4 |  4.9
Stealth        | |  2.4

Action                   |  1- 3 |  4- 6 |  7- 9 | 10-12 | 13-15 || total
-------------------------+-------+-------+-------+-------+-------++-------
Melee: Short sword       |       |       |     4 |       |       ||     4
       Quarterstaff      |       |       |     5 |     3 |       ||     8
 Cast: Magic Dart        |    42 |    18 |   167 |   144 |   175 ||   546
       Searing Ray       |     1 |    29 |    54 |    10 |       ||    94
       Sticky Flame      |       |       |    18 |    13 |     4 ||    35
       Fulminant Prism   |       |       |     8 |    16 |     8 ||    32
       Iskenderun's Myst |       |       |     6 |    61 |    46 ||   113
       Iskenderun's Batt |       |       |       |    43 |    61 ||   104
       Fireball          |       |       |       |    38 |    70 ||   108
  Use: Scroll            |       |     3 |    16 |     7 |     5 ||    31
       Potion            |       |     3 |       |     2 |       ||     5
Armor: Robe              |     1 |       |     3 |       |       ||     4
       Steam dragon scal |       |       |       |     6 |       ||     6
       Leather armour    |       |       |       |       |     4 ||     4
Dodge: Dodged            |     5 |     5 |    33 |    17 |    10 ||    70
Block: Other             |       |     2 |    10 |     6 |     2 ||    20
       Reflection        |       |     1 |     2 |     1 |     1 ||     5

Table legend: (Time is in decaauts)
 A = Elapsed time spent in this place.
 B = Non-inter-level travel time spent in this place.
 C = Inter-level travel time spent in this place.
 D = Time resting spent in this place.
 E = Time spent auto-exploring this place.
 F = Levels seen in this place.
 G = Mean time per level.
                   A        B        C        D        E       F      G
               +--------+--------+--------+--------+--------+-----+--------+
         Total |  24786 |  23100 |   1686 |   8732 |  10681 |  21 | 1180.3 |
       Dungeon |  14775 |  13681 |   1094 |   4679 |   7061 |  12 | 1231.2 |
        Temple |     60 |     42 |     18 |      0 |     31 |   1 |   60.0 |
          Lair |   7802 |   7229 |    573 |   2913 |   3204 |   5 | 1560.4 |
       Ossuary |    999 |    999 |      0 |    541 |    177 |   1 |  999.0 |
      Ice Cave |    387 |    387 |      0 |    285 |      0 |   1 |  387.0 |
       Volcano |    761 |    761 |      0 |    314 |    207 |   1 |  761.0 |
               +--------+--------+--------+--------+--------+-----+--------+

Top non-repeatable levels by time:
  Lair:5: 2031 daAuts
     D:2: 1876 daAuts
  Lair:3: 1730 daAuts
     D:5: 1532 daAuts
     D:4: 1444 daAuts
  Lair:2: 1426 daAuts
  Lair:4: 1413 daAuts
     D:9: 1413 daAuts
     D:7: 1405 daAuts
     D:6: 1322 daAuts
     D:3: 1237 daAuts
    D:10: 1203 daAuts
  Lair:1: 1199 daAuts
     D:8: 1073 daAuts
    D:11: 1017 daAuts
